[Event "Early-Titled-Tuesday-Blitz-January-16-2024"]
[Site "Chess.com"]
[Date "2024.01.16"]
[Round "10"]
[White "Zhigalko_Sergei"]
[Black "Byniolus"]
[Result "1-0"]
[WhiteElo "2954"]
[BlackElo "2756"]
[TimeControl "180+1"]
[EndTime "9:58:57 PST"]
[Termination "Zhigalko_Sergei won by resignation"]

1. e4 d5 2. exd5 Nf6 3. d4 Nxd5 4. c4 Nb6 5. Nf3 Bg4 6. c5 N6d7 7. Nc3 e6 8. Be2 Nc6 9. O-O Be7 10. h3 Bh5 11. Be3 O-O 12. Qb3 Qc8 13. Rad1 Nf6 14.
d5 exd5 15. Nxd5 Nxd5 16. Rxd5 Bg6 17. Rfd1 Re8 18. Ne5 Nxe5 19. Rxe5 h5 20. Bxh5 Bxh5 21. Rxh5 Bf6 22. Rhd5 b6 23. Rd7 Re6 24. c6 a5 25.
a4 Qe8 26. Rxc7 Rxc6 27. Rxc6 Qxc6 28. Qxb6 Qxa4 29. b3 Qb4 30. Qxb4 axb4 31. Bc5 Bc3 32. g3 Ra3 33. Rb1 Ra5 34. Be3 f5 35. h4 Kf7 36.
Kf1 Ke6 37. Ke2 Kd5 38. Kd3 Ra2 39. Rh1 Rb2 40. Rd1 Rxb3 41. h5 Rb2 42. Ra1 Kc6 43. Ra5 Rb1 44. Rxf5 Rd1+ 45. Kc2 Rd7 46. Rc5+ Kd6 47.
Rb5 Kc6 48. Rc5+ Kd6 49. Rg5 Rb7 50. Kb3 Rc7 51. Bf4+ Kd7 52. Bxc7 Kxc7 53. Rg4 Kd6 54. Rc4 Kd5 55. f3 Be1 56. g4 Bc3 57. Re4 Kd6 58. Rxb4 Bxb4 59. Kxb4 Ke5 60. g5 Kf5 61. f4 Kxf4 62. h6 Kxg5 63. hxg7 Kf6 1-0

[Event "Early-Titled-Tuesday-Blitz-January-16-2024"]
[Site "Chess.com"]
[Date "2024.01.16"]
[Round "10"]
[White "JonasEilenberg"]
[Black "Nikita_Klepikov"]
[Result "0-1"]
[WhiteElo "2531"]
[BlackElo "2401"]
[TimeControl "180+1"]
[EndTime "9:58:58 PST"]
[Termination "Nikita_Klepikov won by resignation"]

1. d4 Nf6 2. Nc3 g6 3. Bf4 d5 4. e3 Bg7 5. h4 h5 6. Nf3 Bg4 7. Be2 Bxf3 8. Bxf3 Nc6 9. O-O O-O 10.
a3 a6 11. Qd3 Re8 12. Rad1 e6 13. e4 dxe4 14. Nxe4 Nxe4 15. Qxe4 Rb8 16. c3 Ne7 17. Bg5 Qd6 18. Bf4 Qd7 19. Rfe1 Nd5 20. Be5 b5 21. g3 Bh6 22. Qc2 Rbc8 23. b4 c6 24. Bg2 Nb6 25. Rd3 Nc4 26. a4 Red8 27. Rf3 Bg7 28. Bxg7 Kxg7 29. a5 Qd6 30. Qc1 e5 31. dxe5 Nxe5 32.
Rfe3 Nd3 33. Qa1 Nxe1 34. Rxe1 Re8 35. Qc1 Rxe1+ 36. Qxe1 Rd8 37. Qe3 Qf6 38. Qc5 Rd1+ 39. Kh2 Rd2 40. Kg1 Rc2 41. Qxc6 Rxc3 42. Qxf6+ Kxf6 43. Bb7 Rc4 44. Bxa6 Rxb4 45. Kg2 Rb3 46. Bb7 Ra3 47.
a6 b4 48. Kf1 b3 49. Ke2 b2 50.
Be4 Ra1 51. Kd2 b1=Q 52. Bxb1 Rxb1 53. a7 Ra1 54. Ke3 Rxa7 55. Kf3 Kf5 56. Kg2 Ra3 57.
Kh3 g5 58. hxg5 Kxg5 59. Kg2 Kg4 60. Kf1 f5 61. Kg2 h4 62. gxh4 Kxh4 63. Kf1 Kg4 64. Ke2 Kf4 65. Kd2 Kf3 66. Ke1 0-1

[Event "Early-Titled-Tuesday-Blitz-January-16-2024"]
[Site "Chess.com"]
[Date "2024.01.16"]
[Round "10"]
[White "MyDream003"]
[Black "otrov-11"]
[Result "1-0"]
[WhiteElo "2881"]
[BlackElo "2523"]
[TimeControl "180+1"]
[EndTime "9:58:59 PST"]
[Termination "MyDream003 won by resignation"]

1. Nf3 Nf6 2. c4 e6 3. Nc3 d5 4.
d4 Be7 5. Bf4 c6 6. e3 O-O 7.
Bd3 dxc4 8. Bxc4 b5 9. Bd3 Bb7 10. O-O a6 11. Rc1 Nbd7 12. Ne4 Nxe4 13. Bxe4 Rc8 14.
Qe2 Qb6 15. Rfd1 c5 16. Bxb7 Qxb7 17. dxc5 Nxc5 18. h3 Rfd8 19. Rxd8+ Rxd8 20. Be5 Qd5 21. b3 Qd3 22. Qxd3 Nxd3 23. Rc7 Nxe5 24. Rxe7 Nxf3+ 25. gxf3 g6 26. Ra7 Rd6 27. f4 Kg7 28. Kg2 Kf6 29. Kf3 Rc6 30. h4 h6 31. Ke4 Rd6 32.
Kf3 Rc6 33. e4 Rc3+ 34. Kg2 Rc6 35. Kg3 Rc3+ 36. f3 Rc6 37. e5+ Kg7 38. b4 Rc4 39. a3 Rc6 40. Kf2 Rb6 41. Rc7 a5 42.
Rc5 axb4 43. axb4 g5 44. h5 gxf4 45. Kg2 Rb7 46. Kh3 f6 47. Kg4 fxe5 48. Rxe5 Kf6 49.
Kxf4 Rc7 50. Rxb5 Rc4+ 51. Kg3 e5 52. Rb8 Kg5 53. b5 Kxh5 54. Re8 Rc5 55. b6 Rb5 56. Re6 Kg5 57. Rxe5+ Rxe5 58. f4+ Kf5 59. fxe5 Kxe5 60. b7 1-0

[Event "Early-Titled-Tuesday-Blitz-January-16-2024"]
[Site "Chess.com"]
[Date "2024.01.16"]
[Round "10"]
[White "valik3504"]
[Black "AndresDelgado77"]
[Result "1-0"]
[WhiteElo "2547"]
[BlackElo "2382"]
[TimeControl "180+1"]
[EndTime "9:58:59 PST"]
[Termination "valik3504 won by checkmate"]

1. d4 Nf6 2. c4 d6 3. Nf3 g6 4. Nc3 Bg7 5. e4 O-O 6. Be2 c5 7. d5 a6 8. a4 Bg4 9. O-O Bxf3 10. Bxf3 Nbd7 11. Be3 Qc7 12. Be2 e6 13. h3 exd5 14. exd5 Rfe8 15. Qc2 Re7 16. Rae1 Rae8 17. g4 Ne4 18. Nxe4 Rxe4 19. Bd3 R4e7 20. Kg2 Bd4 21. Bd2 Rxe1 22. Bxe1 Ne5 23. Bd2 Qe7 24. Be2 g5 25.
Bd3 Qf6 26. Bf5 Ng6 27. Kh1 Nh4 28. Bxh7+ Kg7 29. Bf5 Nxf5 30. gxf5 Rh8 31. Kg2 g4 32. hxg4 Qh4 33. Kf3 Re8 34. Rg1 Qh3+ 35. Rg3 Qh1+ 36. Rg2 Rh8 37. Bf4 Rh3+ 38. Bg3 Be5 39. f6+ Bxf6 40.
Qf5 Qd1+ 41. Kf4 Be5+ 42. Ke4 Qc2+ 43. Kf3 Qd1+ 44. Ke3 Qe1+ 45. Kf3 Qd1+ 46. Ke3 Rh1 47. Bxe5+ dxe5 48. Qxe5+ f6 49. Qe7+ Kg6 50. Kf4 Qd2+ 51.
Qe3 Qxe3+ 52. Kxe3 Rh3+ 53. f3 Rh1 54. Kf4 Rb1 55.
Rd2 Rc1 56. d6 Kf7 57. d7 Rxc4+ 58. Kg3 Rxg4+ 59. fxg4 Ke6 60. d8=Q Ke5 61. Qd5# 1-0

[Event "Early-Titled-Tuesday-Blitz-January-16-2024"]
[Site "Chess.com"]
[Date "2024.01.16"]
[Round "10"]
[White "TigrVShlyape"]
[Black "Seochesspie"]
[Result "1/2-1/2"]
[WhiteElo "2937"]
[BlackElo "2827"]
[TimeControl "180+1"]
[EndTime "9:59:01 PST"]
[Termination "Game drawn - insufficient material"]

1. e4 c5 2. Nf3 d6 3. d4 cxd4 4. Nxd4 Nf6 5. Nc3 a6 6. a4 g6 7. Be2 Bg7 8. O-O O-O 9. Be3 Bd7 10. Qd2 Nc6 11. Rfd1 Rc8 12. f3 Ne5 13. a5 Nc4 14. Bxc4 Rxc4 15. Nde2 Qb8 16. b3 Rcc8 17. Ra2 Bc6 18.
Nd5 Nxd5 19. exd5 Bd7 20. c4 Rfe8 21. Bb6 e6 22. dxe6 Rxe6 23. Nf4 Ree8 24. Qf2 Be5 25. Nd5 Bc6 26. Rad2 Bg7 27. h4 Re6 28. Nf4 Ree8 29. h5 Be5 30. Qh4 Kg7 31. h6+ Kg8 32. Nd5 Bxd5 33.
Rxd5 Re6 34. c5 Bf6 35. Qf4 dxc5 36. Qxb8 Rxb8 37. Bxc5 Be7 38. Bb6 f5 39. Rd7 Bf8 40. Rd8 Rxd8 41. Rxd8 Kf7 42. Rb8 Bxh6 43. Rxb7+ Re7 44. Rb8 Bf4 45. Rh8 h5 46. Kf2 Rd7 47. Be3 Bxe3+ 48. Kxe3 Rd5 49. b4 Rb5 50. Ra8 Rxb4 51.
Rxa6 h4 52. Rb6 Ra4 53. a6 Kg7 54. Kd3 Kh6 55. Kc3 Kh5 56. Kb3 Ra1 57. Kb2 Ra5 58. Kb3 g5 59. Rc6 g4 60. fxg4+ fxg4 61. Kb4 Ra1 62. Rc5+ Kg6 63. Rc6+ Kg5 64. Rc5+ Kf4 65. Kb5 h3 66. gxh3 gxh3 67. Rh5 Kg3 68. Kb6 h2 69. a7 Rxa7 70. Kxa7 Kg2 71. Rxh2+ Kxh2 1/2-1/2

[Event "Early-Titled-Tuesday-Blitz-January-16-2024"]
[Site "Chess.com"]
[Date "2024.01.16"]
[Round "10"]
[White "dropstoneDP"]
[Black "AlexPapasimakopoulos"]
[Result "1-0"]
[WhiteElo "3018"]
[BlackElo "2670"]
[TimeControl "180+1"]
[EndTime "9:59:02 PST"]
[Termination "dropstoneDP won by checkmate"]

1. e4 e6 2. d4 d5 3. e5 c5 4. c3 Nc6 5. Nf3 Bd7 6. Be2 f6 7. Bb5 Qb6 8. a4 cxd4 9. cxd4 fxe5 10. Bxc6 Bxc6 11. Nxe5 Nf6 12. O-O Bd6 13. a5 Qc7 14. Bf4 O-O 15. Nc3 Nh5 16. Qxh5 Rxf4 17. Ne2 Rf5 18.
Qg4 Bxe5 19. dxe5 Qxe5 20. Nd4 Rf4 21. Qxe6+ Qxe6 22. Nxe6 Rb4 23. a6 Rxb2 24. Rfc1 Re8 25. Nd4 Rf8 26. f3 Rb4 27. axb7 Bxb7 28. Rxa7 Rxd4 29. Rxb7 Rc4 30. Re1 Rc6 31. Ree7 Rg6 32. Red7 h6 33. Rxd5 Kh7 34. Kf2 Ra8 35. Rd2 Re8 36.
Rb4 Rge6 37. h4 Re5 38. g4 h5 39. g5 R5e6 40. Kg3 Re2 41. Rd5 R2e5 42. Rd7 R5e7 43. Rdd4 Rc7 44. Rb6 Rf8 45. Rd3 Rfc8 46. Re6 Rc3 47.
Rxc3 Rxc3 48. Kf4 Rc4+ 49. Re4 Rc5 50. Re5 Rc4+ 51. Re4 Rc5 52. Rd4 Rc1 53. Kf5 Rc5+ 54.
Ke6 Rc6+ 55. Ke5 Rc5+ 56. Rd5 Rc4 57. f4 Rc8 58. f5 Re8+ 59. Kf4 Re7 60. Rd8 g6 61. Rd6 gxf5 62. Kxf5 Ra7 63. Kf6 Kg8 64. Rd8+ Kh7 65. g6+ Kh6 66. Rh8+ Rh7 67. Rxh7# 1-0

[Event "Early-Titled-Tuesday-Blitz-January-16-2024"]
[Site "Chess.com"]
[Date "2024.01.16"]
[Round "10"]
[White "Shuvalov"]
[Black "Maftuna2303"]
[Result "0-1"]
[WhiteElo "2493"]
[BlackElo "2389"]
[TimeControl "180+1"]
[EndTime "9:59:03 PST"]
[Termination "Maftuna2303 won on time"]

1. d4 Nf6 2. c4 e6 3. Nc3 Bb4 4.
e3 b6 5. Ne2 Bb7 6. a3 Bxc3+ 7.
Nxc3 O-O 8. f3 d5 9. b3 Nbd7 10. Be2 Rc8 11. Bb2 c5 12. cxd5 exd5 13. O-O Qe7 14. Qd2 Rfe8 15. Kf2 Nf8 16. Rfe1 Ne6 17. Bb5 Red8 18. Ne2 a6 19. Bd3 b5 20. Ng3 c4 21.
Bc2 Qc7 22. bxc4 bxc4 23. Bc3 Qc6 24. Nf5 Re8 25. Rab1 Ba8 26. Bb4 Rc7 27. Qd1 Qd7 28. Bd6 Rcc8 29. Be5 Rcd8 30. Bxf6 gxf6 31. f4 Kh8 32. Qh5 Rg8 33. Nh6 Rg7 34. Nf5 Rg6 35. Ng3 Ng7 36. Qh4 f5 37. h3 Re8 38. Rb4 Bc6 39.
Reb1 Qe6 40. Rb8 Qxe3+ 41. Kf1 Re6 42. Rxe8+ Rxe8 43. Nxf5 Qe2+ 44. Kg1 Qxc2 45. Nxg7 Kxg7 46. Kh2 Qg6 47. Rb6 Re6 48. f5 Qxf5 49. Qg3+ Qg6 50.
Qc7 Bb5 51. Rxe6 Qxe6 52. Qg3+ Qg6 53. Qe5+ Qf6 54. Qg3+ Kf8 55. Qb8+ Be8 56. Qb4+ Qe7 57. Qd2 Qc7+ 58. Kh1 c3 59. Qh6+ Ke7 60. Qg5+ Kd7 61. Qf5+ Ke7 62. Qg5+ f6 63. Qg7+ Bf7 64. Qh6 c2 65. Qc1 Qc3 66. Kh2 Qd3 67. a4 Be6 68. Qh6 Qd1 69. Qxh7+ Bf7 0-1

[Event "Early-Titled-Tuesday-Blitz-January-16-2024"]
[Site "Chess.com"]
[Date "2024.01.16"]
[Round "10"]
[White "Bigfish1995"]
[Black "Firouzja2003"]
[Result "1-0"]
[WhiteElo "3067"]
[BlackElo "3161"]
[TimeControl "180+1"]
[EndTime "9:59:07 PST"]
[Termination "Bigfish1995 won on time"]

1. e4 c5 2. Nf3 d6 3. Bb5+ Nd7 4. O-O a6 5. Bxd7+ Bxd7 6. d4 cxd4 7. Qxd4 Rc8 8. c4 e5 9. Qd3 b5 10. Na3 Qb6 11. b3 Qb7 12. Re1 h6 13. Nd2 Nf6 14.
Nc2 Be7 15. Ba3 Qb6 16. Ne3 O-O 17. Rad1 Rfd8 18. h3 Qa5 19. Bb2 Be6 20. a3 bxc4 21. Ndxc4 Qb5 22. Nd5 Nxd5 23. exd5 Bd7 24. a4 Qb7 25. Ba3 Be8 26. Rc1 Bf8 27. Rc3 f6 28. Rec1 Bf7 29. Rd1 Qa8 30. a5 Qb7 31. Nb6 Rxc3 32.
Qxc3 Be8 33. Rc1 Bb5 34. Qc7 Qxc7 35. Rxc7 f5 36. f3 Re8 37. Kf2 e4 38. fxe4 Rxe4 39. Nc4 Rd4 40. Rc8 Rxd5 41. Bxd6 Bxc4 42. Rxf8+ Kh7 43.
bxc4 Rxd6 44. Ke3 Kg6 45. c5 Rd5 46. Rc8 Kg5 47. g3 h5 48. Rc6 h4 49. gxh4+ Kxh4 50. Rxa6 g5 51. Rh6+ Kg3 52. a6 f4+ 53. Ke4 Rxc5 54. Rg6 Ra5 55. a7 f3 56. Rxg5+ Rxg5 57. a8=Q f2 58. Qa3+ Kg2 59. Qf3+ Kg1 60. Qe3 Rg8 61. Kf3 Rf8+ 62. Kg3 Rg8+ 63. Kf3 Rf8+ 64. Ke2 Kg2 65. Qg5+ Kh2 66. Kf1 1-0

[Event "Early-Titled-Tuesday-Blitz-January-16-2024"]
[Site "Chess.com"]
[Date "2024.01.16"]
[Round "10"]
[White "Shield12"]
[Black "francyIM"]
[Result "1-0"]
[WhiteElo "3005"]
[BlackElo "2841"]
[TimeControl "180+1"]
[EndTime "9:59:07 PST"]
[Termination "Shield12 won by resignation"]

1. e4 e5 2. Nf3 Nc6 3. Bb5 Nf6 4. d3 d6 5. O-O g6 6. Re1 Bg7 7. d4 Bd7 8. Bxc6 Bxc6 9. dxe5 Nxe4 10. exd6 O-O 11.
dxc7 Qxc7 12. c3 Rfe8 13. Be3 Rad8 14. Qc2 Bb5 15. Na3 Bd3 16. Qa4 a6 17. Rad1 Re6 18. Nd4 Bxd4 19. Bxd4 b5 20. Qb3 Rde8 21. Rxd3 Nc5 22.
Rxe6 Rxe6 23. Qxe6 Nxe6 24. Be3 h5 25. h3 Qc6 26. b3 g5 27. Nc2 f5 28. f3 g4 29.
Nd4 Qd5 30. Rd2 f4 31. Nxe6 Qxe6 32. Rd8+ Kf7 33. Bxf4 gxf3 34. gxf3 Qe1+ 35. Kg2 Qxc3 36. Rd2 Kg6 37. h4 a5 38. Bg5 a4 39. bxa4 bxa4 40. Kg3 Kf5 41. Re2 Qd4 42. Kg2 Qd3 43. Rd2 Qc4 44. Kf2 Ke5 45. Kg2 Qc3 46. Kf2 Qc5+ 47. Kg2 Qb6 48. Re2+ Kd5 49. Rd2+ Kc4 50. Re2 Kd3 51.
Rd2+ Kc3 52. Re2 Qa6 53. Rf2 a3 54. f4 Qc6+ 55. Kg3 Qd6 56. Kg2 Qd5+ 57. Kg3 Qf5 58. Kg2 Qg4+ 59. Kh2 Kd3 60. f5 Qb4 61. f6 Qd6+ 62. Kg2 Qc6+ 63. Kg1 1-0

[Event "Early-Titled-Tuesday-Blitz-January-16-2024"]
[Site "Chess.com"]
[Date "2024.01.16"]
[Round "10"]
[White "mishanick"]
[Black "Volodar_Murzin"]
[Result "0-1"]
[WhiteElo "3075"]
[BlackElo "2950"]
[TimeControl "180+1"]
[EndTime "9:59:08 PST"]
[Termination "Volodar_Murzin won by resignation"]

1. d4 d5 2. c4 c6 3. Nc3 Nf6 4. Nf3 e6 5. e3 Nbd7 6. Qc2 Bd6 7. Be2 O-O 8. O-O dxc4 9. Bxc4 e5 10. a3 a5 11. h3 Qe7 12. Ba2 h6 13. Bd2 Rd8 14.
Nh4 Nb6 15. Ng6 Qe8 16. dxe5 Bxe5 17. Nxe5 Qxe5 18. e4 Be6 19. Bxe6 Qxe6 20. Rae1 a4 21. e5 Nfd5 22. f4 Ne7 23. f5 Nxf5 24. Rxf5 Rxd2 25.
Qxd2 Qxf5 26. Qd4 Nd7 27. Nxa4 Re8 28. Nc5 Nxe5 29. Rf1 Qc8 30. a4 b6 31. Ne4 c5 32.
Qd6 Qe6 33. Qxe6 Rxe6 34. a5 Nc4 35. axb6 Rxe4 36. b7 Re8 37. Ra1 Nb6 38. Ra6 Nd7 39. Rc6 Kf8 40. Rc7 Ke7 41. Rc8 Nb8 42. Rxc5 Kd6 43.
Rc8 Kd7 44. Rc4 Nc6 45. b4 Rb8 46. b5 Nd8 47. Rd4+ Ke8 48. Re4+ Ne6 49. Rb4 Rxb7 50.
Kf2 Kd7 51. Ke3 Kd6 52. Ke4 Kc5 53. Rb1 Rxb5 54. Rd1 Kc6 55. g4 f6 56. h4 Re5+ 57.
Kf3 Rd5 58. Ra1 Kd6 59. Ra7 h5 60. gxh5 Rxh5 61. Kg4 Rd5 62. h5 Rg5+ 63. Kh4 Nd4 64.
Ra6+ Ke7 65. Ra7+ Kf8 66. Ra8+ Kf7 67. Rh8 Nf5+ 68. Kh3 Rg3+ 69. Kh2 Rc3 70. Kg2 Nh6 71. Ra8 Rc5 0-1

[Event "Early-Titled-Tuesday-Blitz-January-16-2024"]
[Site "Chess.com"]
[Date "2024.01.16"]
[Round "10"]
[White "SmirnovTimofey2000"]
[Black "maurovargas01"]
[Result "1-0"]
[WhiteElo "1990"]
[BlackElo "1840"]
[TimeControl "180+1"]
[EndTime "9:59:09 PST"]
[Termination "SmirnovTimofey2000 won on time"]

1. e4 d5 2. exd5 Qxd5 3. Nc3 Qa5 4. d4 c6 5. Nf3 Nf6 6. h3 Bf5 7.
Bd3 Bxd3 8. Qxd3 e6 9. O-O Bd6 10.
Bd2 Qc7 11. Rfe1 Nbd7 12. Ne4 Nxe4 13. Rxe4 Nf6 14. Re2 O-O 15. Bg5 Nd5 16. c4 Nf4 17. Bxf4 Bxf4 18. Rd1 Rad8 19. b4 Rfe8 20. Re4 Be5 21.
Rxe5 f6 22. Ree1 e5 23. Qc2 Qf7 24. dxe5 Rxd1 25. Rxd1 fxe5 26. Re1 Qf4 27. Re4 Qf5 28. c5 h6 29. Qe2 Rd8 30. Rxe5 Qb1+ 31. Kh2 Rd1 32.
Re8+ Kh7 33. Qe4+ Qxe4 34. Rxe4 Rb1 35. a3 Ra1 36. Re3 Ra2 37. Kg3 Kg6 38. Ne5+ Kf6 39.
Nd7+ Kf7 40. Kf3 g5 41. g3 Ra1 42. Ne5+ Kg7 43. Nc4 Ra2 44. Na5 h5 45. Nxb7 Kg6 46.
Nd8 Kf5 47. Nxc6 g4+ 48. hxg4+ hxg4+ 49. Kg2 a6 50. Nd4+ Kf6 51. c6 Ra1 52. Rc3 Rd1 53. c7 Rxd4 54. c8=Q Rd6 55. Rc6 Ke5 56. Rxd6 Kxd6 57.
Qxa6+ Ke5 58. Qb5+ 1-0

[Event "Early-Titled-Tuesday-Blitz-January-16-2024"]
[Site "Chess.com"]
[Date "2024.01.16"]
[Round "10"]
[White "TitarovVasiliYouTube"]
[Black "blitzking1729"]
[Result "0-1"]
[WhiteElo "2540"]
[BlackElo "2693"]
[TimeControl "180+1"]
[EndTime "9:59:10 PST"]
[Termination "blitzking1729 won on time"]

1. e4 d6 2. Be2 Nf6 3. Nc3 c5 4. Nf3 Nc6 5. O-O e6 6. d4 cxd4 7. Nxd4 a6 8. Be3 Bd7 9. f4 Qc7 10. Qe1 Be7 11. Qg3 O-O 12. Kh1 Kh8 13. Rad1 b5 14. a3 Rab8 15. Bf3 b4 16. axb4 Rxb4 17. Nb3 a5 18. Ra1 h6 19. Rfd1 Rfb8 20. h3 Be8 21. Qf2 Ra8 22. Qg3 Rab8 23. Rd2 a4 24. Rxa4 Rxa4 25.
Nxa4 Na5 26. Nc3 Nxb3 27. cxb3 Rxb3 28. e5 Nd7 29. exd6 Bxd6 30. Qh4 Nf6 31. Qe1 Bxf4 32. Bxf4 Qxf4 33. Re2 Qb8 34. Qc1 Kg8 35. Rd2 Rb6 36. Ne4 Nd5 37. Nc3 Ne7 38. Qd1 Qc7 39. Rd8 Rb8 40.
Rxb8 Qxb8 41. Qd2 Nf5 42. Be4 Ng3+ 43. Kg1 Nxe4 44. Nxe4 Bc6 45. Nc3 Qg3 46. Qf2 Qxf2+ 47.
Kxf2 e5 48. b4 f5 49. g3 Kf7 50. Ke3 Ke6 51. Ne2 g5 52. Nc3 f4+ 53. gxf4 gxf4+ 54. Kf2 Kf5 55. b5 Bd7 56. b6 Bc6 57. Na2 e4 58. Nc3 e3+ 59. Ke2 Ke5 0-1

[Event "Early-Titled-Tuesday-Blitz-January-16-2024"]
[Site "Chess.com"]
[Date "2024.01.16"]
[Round "10"]
[White "santosalberto1987"]
[Black "Ducke13"]
[Result "1-0"]
[WhiteElo "2504"]
[BlackElo "2337"]
[TimeControl "180+1"]
[EndTime "9:59:13 PST"]
[Termination "santosalberto1987 won by resignation"]

1. e4 c5 2. Nf3 d6 3. Bb5+ Nd7 4.
d4 cxd4 5. Qxd4 a6 6. Bxd7+ Bxd7 7. Nc3 e5 8. Qd3 h6 9. Nd2 b5 10. Nf1 Rc8 11. Ne3 Nf6 12. O-O Be7 13. Ncd5 O-O 14. Nxf6+ Bxf6 15. Qxd6 Rxc2 16. Nxc2 a5 17. Rd1 Qc8 18.
Ne3 Be6 19. Nd5 Bd8 20. Be3 a4 21. Ne7+ Bxe7 22. Qxe7 Qc2 23. Bc5 Rc8 24. Ba3 Qxe4 25.
Rd8+ Rxd8 26. Qxd8+ Kh7 27. Rd1 f5 28. h3 Bxa2 29. Bf8 Qc4 30. Qe7 Qg8 31. Rd7 Be6 32. Rc7 Kg6 33. Bxg7 Qf7 34. Qxf7+ Bxf7 35. Bxe5 b4 36.
Ra7 a3 37. bxa3 bxa3 38. Rxa3 f4 39. Bxf4 h5 40. g4 hxg4 41. hxg4 Bd5 42. Kh2 Bc4 43.
Kg3 Be2 44. Re3 Bf1 45. Re6+ Kf7 46. Rb6 Bd3 47. Be5 Be4 48. Kf4 Bd5 49. Kf5 Bf3 50. Ra6 Kg8 51. Ra7 Kf8 52. Kf6 Kg8 53. g5 Kf8 54. g6 Kg8 55. Kg5 Bc6 56. Rh7 Kf8 57. Kf6 Bd5 58. Rh8+ Bg8 59. g7+ Ke8 60. Rxg8+ Kd7 61. Rf8 Kc6 62. Rd8 Kb7 63. g8=Q Ka7 64. Qf7+ Ka6 65. Qc4+ Kb7 66. Ke6 Ka7 67. Kf5 Kb6 68.
Kg4 Ka7 69. Kh3 Kb7 70. Kg2 Kb6 71. Kf1 Kb7 72. f3 Ka7 73. Kg1 Kb6 1-0

[Event "Early-Titled-Tuesday-Blitz-January-16-2024"]
[Site "Chess.com"]
[Date "2024.01.16"]
[Round "10"]
[White "xakevicius91"]
[Black "Egor_Koshulyan"]
[Result "0-1"]
[WhiteElo "2541"]
[BlackElo "2694"]
[TimeControl "180+1"]
[EndTime "9:59:15 PST"]
[Termination "Egor_Koshulyan won by resignation"]

1. e4 c5 2. Nf3 Nc6 3. Bc4 e6 4. O-O Nf6 5. Re1 d6 6. c3 Be7 7. d4 d5 8. exd5 exd5 9. Bb5 O-O 10. dxc5 Bxc5 11. Be3 Bxe3 12. Rxe3 Qb6 13. Bxc6 bxc6 14. b4 Ba6 15. Nbd2 Ng4 16. Re2 Bxe2 17. Qxe2 Rfe8 18. Qf1 c5 19. h3 Nf6 20. a3 cxb4 21. axb4 a5 22. b5 Ne4 23. Nxe4 dxe4 24. Nd4 Qc5 25. Qe1 a4 26. Qc1 a3 27. b6 Qxb6 28. Rxa3 Qc5 29. Rxa8 Rxa8 30. Qe3 Qe5 31. g3 h6 32. h4 Rc8 33. Kg2 Qd5 34. g4 Qc5 35. Qxe4 Qxc3 36. Nf5 Rd8 37. Ne7+ Kh8 38. Nf5 Qf6 39. h5 Qg5 40. Kg3 Qf6 41. Kg2 Rc8 42. Kg3 Rc3+ 43. Ne3 Qd6+ 44. Kh3 Rc8 45. Nf5 Qf6 46.
Kg3 Qa1 47. f3 Qg1+ 48. Kh3 Qh1+ 49. Kg3 Qg1+ 50. Kh3 Qa1 51. Qe7 Qh1+ 52. Kg3 Qg1+ 53. Kh3 Qf1+ 54. Kg3 Qc4 55. Kh3 Qc7 56. Qe4 Qd7 57. Qe5 f6 58. Qe4 Re8 59. Qf4 Qd1 60. Nh4 Qh1+ 61. Kg3 Re1 62. Ng6+ Kh7 63. Qf5 Rg1+ 64.
Kf4 Qh2+ 65. Ke4 Qc2+ 66. Kd5 Qxf5+ 67. gxf5 Rg5 68. Ke6 Rxh5 69. f4 Kg8 70. Ne7+ Kh7 71. Ng6 Rh1 72. Kf7 h5 73. Nh4 Rxh4 74. Kf8 Rxf4 0-1

[Event "Early-Titled-Tuesday-Blitz-January-16-2024"]
[Site "Chess.com"]
[Date "2024.01.16"]
[Round "10"]
[White "maximnovik"]
[Black "SashaKuzhilniy"]
[Result "1/2-1/2"]
[WhiteElo "2523"]
[BlackElo "2658"]
[TimeControl "180+1"]
[EndTime "9:59:16 PST"]
[Termination "Game drawn - insufficient material"]

1. e4 e6 2. d4 d5 3. e5 c5 4. c3 Nc6 5. Nf3 Nge7 6. Na3 Nf5 7. Nc2 Qa5 8. dxc5 Qxc5 9. Bd3 Be7 10. O-O Nh4 11. Be3 Qa5 12. Nxh4 Bxh4 13. Qg4 g5 14. Bxg5 Bxg5 15. Qxg5 Qc7 16. Rfe1 Qe7 17. Qxe7+ Kxe7 18. Bb5 Nb8 19. Nd4 Bd7 20. Bd3 Bc6 21. f4 Nd7 22. Kf2 Nc5 23. Bc2 h6 24. Rad1 a5 25. Re3 Ra6 26.
b4 axb4 27. cxb4 Ne4+ 28. Bxe4 dxe4 29. Rd2 Rha8 30. b5 Rxa2 31. Rxa2 Rxa2+ 32. Re2 Ra4 33. bxc6 Rxd4 34. cxb7 Rb4 35. Ke3 Rxb7 36. Kxe4 Rb3 37. Re3 Rb2 38. Rg3 Kf8 39. Kf3 Rb3+ 40. Kg4 Rb4 41. Rf3 Kg7 42. g3 Kg6 43. h3 h5+ 44. Kh4 Ra4 45. Rd3 Ra8 46. Rd7 Rb8 47. Rc7 Rd8 48.
Re7 Ra8 49. Rb7 Rd8 50. g4 hxg4 51. hxg4 Rd1 52. Rb6 Rh1+ 53. Kg3 Rg1+ 54. Kf3 Rf1+ 55. Ke3 Rg1 56. f5+ Kg7 57. Kf4 Rf1+ 58. Kg5 exf5 59.
gxf5 Rg1+ 60. Kf4 Rf1+ 61. Ke4 Re1+ 62. Kd5 Rd1+ 63. Kc5 Rf1 64. f6+ Kg6 65. Kd6 Re1 66. Rb5 Kf5 67. Ke7 Kg6 68. Rd5 Re2 69. Kf8 Re1 70.
Rd7 Rxe5 71. Rxf7 Re6 72. Rg7+ Kxf6 73. Rf7+ Ke5 74. Re7 Rxe7 75. Kxe7 1/2-1/2

[Event "Early-Titled-Tuesday-Blitz-January-16-2024"]
[Site "Chess.com"]
[Date "2024.01.16"]
[Round "10"]
[White "rasmussvane"]
[Black "jcibarra"]
[Result "0-1"]
[WhiteElo "2990"]
[BlackElo "2877"]
[TimeControl "180+1"]
[EndTime "9:59:17 PST"]
[Termination "jcibarra won on time"]

1. Nf3 Nf6 2. g3 g6 3. Bg2 d6 4. d4 Bg7 5. O-O O-O 6. Re1 Nbd7 7. e4 e5 8. Nc3 b6 9. a4 a5 10. b3 Bb7 11. dxe5 dxe5 12. Nd2 Re8 13. Nc4 Bf8 14. Qe2 Bb4 15. Bd2 Ba6 16. Red1 Qe7 17. Bf1 Nc5 18. Qe3 Ne6 19. Nd5 Nxd5 20. exd5 Bc5 21. Qxe5 Bd4 22. Qe4 Bxa1 23. Rxa1 Qf6 24. dxe6 Qxa1 25. exf7+ Kxf7 26. Qf4+ Qf6 27. Qxc7+ Re7 28.
Qxb6 Qf3 29. Nd6+ Kg7 30. Bxa6 Qd1+ 31. Kg2 Qxd2 32. Bd3 Rf8 33. Ne4 Qc1 34. Qd4+ Kh6 35. h4 Qd1 36. Nf6 Ref7 37. Ng4+ Kh5 38. Ne5 Rxf2+ 39.
Qxf2 Rxf2+ 40. Kxf2 Qd2+ 41. Kf3 Kh6 42. Nc4 Qc3 43.
Ke4 Kg7 44. Kd5 Qe1 45. Kc5 Qxg3 46. Nxa5 Qxh4 47. Nc6 Qf2+ 48. Kb5 h5 49. a5 h4 50. a6 h3 51. a7 h2 52. a8=Q h1=Q 53. Qb7+ Qf7 54.
Qxf7+ Kxf7 55. Ne5+ Ke6 56. Nxg6 Qb7+ 57. Kc5 Qd5+ 58.
Kb4 Kd6 59. Kc3 Qc5+ 60. Kd2 Qf2+ 61. Kc3 Kc5 62. b4+ Kd5 63. Ne7+ Ke6 64. Nc6 Qe1+ 65. Kc4 Qh4+ 66. Nd4+ Ke5 67. c3 Qg5 68. Nc6+ Kd6 69. b5 Qd5+ 70. Kb4 Qxd3 71. c4 Qd2+ 72. Kb3 Kc5 0-1

[Event "Early-Titled-Tuesday-Blitz-January-16-2024"]
[Site "Chess.com"]
[Date "2024.01.16"]
[Round "10"]
[White "margarita_2703"]
[Black "KnightmareJoker"]
[Result "1-0"]
[WhiteElo "2279"]
[BlackElo "2110"]
[TimeControl "180+1"]
[EndTime "9:59:17 PST"]
[Termination "margarita_2703 won by resignation"]

1. e4 e5 2. Nf3 Nc6 3. Bc4 Bc5 4. O-O Nf6 5. d4 Bxd4 6. Nxd4 Nxd4 7. Bg5 d6 8. f4 Be6 9. Na3 h6 10. Bh4 g5 11.
fxg5 Nxe4 12. Bxe6 Nxe6 13. Qh5 N4xg5 14. Bxg5 Nxg5 15. Nc4 Qd7 16. Rad1 Qe6 17. b3 O-O-O 18. h4 Ne4 19. Qxf7 Qxf7 20. Rxf7 Rdf8 21. Rdf1 Rxf7 22.
Rxf7 Nc5 23. Ne3 Ne6 24. g3 Nd4 25. Kg2 Kd8 26. c3 Ne6 27. Nd5 Rg8 28. Kh3 Nc5 29. Nf6 Rg6 30. h5 Rg5 31. g4 Ne6 32. Rd7+ Kc8 33.
Re7 Nf4+ 34. Kg3 Ne2+ 35. Kf2 b6 36. Kxe2 Kb7 37. Kf3 Kc6 38. Ne4 Rg8 39. c4 a5 40.
Re6 Rh8 41. Rf6 Rg8 42. Rg6 Rh8 43. Nf6 b5 44. Nd5 a4 45. Rg7 Kc5 46. Rxc7+ Kd4 47. Rc6 axb3 48. axb3 bxc4 49. bxc4 Rb8 50. Rxd6 Rb3+ 51.
Ne3+ Kc5 52. Rd5+ Kc6 53. Ke4 Rb1 54. Rxe5 Rg1 55. c5 Kd7 56. Rf5 Ke7 57. Nd5+ Ke8 58. Nf4 Rxg4 59. Ke5 Rg1 60. c6 Re1+ 61. Kf6 Rc1 62.
Ne6 Rxc6 63. Rc5 Rxc5 64. Nxc5 Kf8 65. Kg6 Kg8 66. Kxh6 Kh8 67. Kg6 Kg8 68. h6 Kh8 69.
Nd7 Kg8 70. Ne5 Kh8 71. Nf7+ Kg8 72. h7+ Kf8 73. h8=Q+ Ke7 1-0